AoeStats
← LM | TornardoBriese

Four Lakes

510087294Analyzed
1v1 RM · 2d ago on Sep 29, 2026· 53m 33s· 2 players
Game mode
Random Map
Map size
Tiny (2 player)
Population
200
Speed
Normal
Resources
Standard
Victory
Conquest
Starting age
Dark Age
Ending age
Imperial Age
RankedLock teamsTeams togetherTeam positionsShared explorationLock speedFull tech treeHidden civsTurbo modeCheats
Victory
Defeat
🇨🇭 Lithuanians · Switzerland
1167
+13
🇨🇳 Italians · China
1111
-13
clh5699可乐
3:07 Loom
5:19 Loom
9:34 Feudal Age
10:05 Double-Bit Axe
10:03 Man-at-Arms
20:57 Fishing Lines
23:21 Castle Age
22:06 Scale Mail Armor
22:28 Stone Mining
23:25 Pikeman
24:22 Chain Mail Armor
28:06 Fletching
28:06 Town Watch
29:44 Bow Saw
29:35 Padded Archer Armor
32:58 Forging
34:25 Leather Archer Armor
35:01 Medium Warships
35:12 Bloodlines
37:56 Wheelbarrow
39:45 Scale Barding Armor
39:36 Bodkin Arrow
42:39 Imperial Age
40:46 Wheelbarrow
42:25 Chain Barding Armor
42:46 Hand Cart
42:57 Hand Cart
43:10 Gillnets
42:55 Cavalier
44:11 Plate Barding Armor
45:20 Iron Casting
45:12 Gold Mining
47:51 Blast Furnace
49:33 Husbandry
LM | TornardoBriese
6:56 Loom
11:06 Feudal Age
17:23 Castle Age
19:00 Town Watch
19:51 Double-Bit Axe
22:46 Bow Saw
26:27 Horse Collar
27:24 Wheelbarrow
28:36 Scale Barding Armor
29:49 Medium Warships
30:52 Fletching
31:51 Chain Barding Armor
32:45 Forging
34:17 Elite Skirmisher
34:54 Bodkin Arrow
34:59 Padded Archer Armor
36:09 Iron Casting
38:40 Imperial Age
37:24 Heavy Plow
40:08 Cavalier
42:09 Conscription
42:19 Bracer
44:13 Plate Barding Armor
44:26 Thumb Ring
44:37 Leather Archer Armor
47:07 Two-Man Saw
Connection lost

Rejoining the realm…

Still unreachable

The connection could not be restored.

Session expired

The server has moved on; the page needs a fresh start.